 Dungeon Crawl Stone Soup version 0.28-a0-834-g1a73be5ee4 (webtiles) character file.

Game seed: 12521851193930868218

268 flyleaff the Magician (level 6, -3/67 HPs)
             Began as a Djinni Transmuter on Nov 11, 2021.
             Was a Priest of Nemelex Xobeh.
             Slain by a bullfrog (6 damage)
             ... on level 4 of the Dungeon.
             The game lasted 00:11:34 (6085 turns).

flyleaff the Magician (Djinni Transmuter)           Turns: 6085, Time: 00:11:35

Health: -3/67      AC:  3    Str:  9    XL:     6   Next: 45%
Gold:   194        EV: 12    Int: 16    God:    Nemelex Xobeh [***...] SH:  0 Dex: 14

rFire   + + .      SeeInvis .     - Unarmed
rCold   x . .      Faith    .   (no shield)
rNeg    + . .      Spirit   .   a - +0 robe
rPois   ∞          Reflect  .   (helmet currently unavailable)
rElec   .          Harm     .   m - +0 cloak
rCorr   .          Rampage  .   (no gloves)
Will    .....                   (boots unavailable)
Stlth   ..........              (no amulet)
HPRegen 0.21/turn               i - ring of positive energy
MPRegen 0.00/turn               (no ring)

@: berserking, appendages (expiring), wereblooded, flying, very quick
A: horns 2, flying, sickness immunity, fire resistance 2, cold vulnerability 1,
float, innate caster, hp casting, extra vitality 1
a: End Transformation, Renounce Religion, Draw Escape, Draw Destruction, Draw
Summoning, Triple Draw


You were on level 4 of the Dungeon.
You worshipped Nemelex Xobeh.
Nemelex Xobeh was most pleased with you.
You had temporarily grown beastly horns.
You visited 1 branch of the dungeon, and saw 4 of its levels.

You collected 194 gold pieces.

Inventory:

Armour
 a - a +0 robe (worn)
 m - a +0 cloak (worn)
Jewellery
 i - a ring of positive energy (left hand)
Scrolls
 b - a scroll of amnesia {unknown}
 e - 3 scrolls of identify
 f - a scroll of noise {unknown}
 l - a scroll of fear
 o - a scroll of holy word {unknown}
Potions
 c - 2 potions of curing {unknown}
 d - a potion of lignification {unknown}
 g - 2 potions of berserk rage
 h - a potion of haste {unknown}
 j - a potion of heal wounds {unknown}
 k - a potion of might {unknown}
 n - a potion of degeneration {unknown}


   Skills:
 - Level 2.7 Fighting
 - Level 0.1 Armour
 - Level 2.4 Dodging
 - Level 3.1 Unarmed Combat
 + Level 3.8 Spellcasting
 - Level 2.0 Invocations


You couldn't memorise any spells.
You knew the following spells:

 Your Spells              Type           Power      Damage    Failure   Level
a - Beastly Appendage     Tmut           30%        N/A       3%          1
b - Wereblood             Tmut           15%        N/A       5%          2
c - Spider Form           Tmut/Pois      15%        N/A       11%         3
d - Ice Form              Ice/Tmut       15%        N/A       34%         4
e - Magic Dart            Conj           60%        1d6       3%          1
f - Blink                 Tloc           30%        N/A       5%          2
Your spell library was empty.

Dungeon Overview and Level Annotations

Branches:
Dungeon (4/15)
 Temple: D:4-7

Altars:
Fedhas
Hepliaklqana
Nemelex Xobeh
Qazlal
Trog
Wu Jian


Innate Abilities, Weirdness & Mutations

You have temporarily grown beastly horns.
You are flying.
You are immune to sickness and miasma.
You are immune to poison.
Your flesh is very heat resistant. (rF++)
You are vulnerable to cold. (rC-)
You float through the air rather than walking.
You learn spells naturally, not from books.
Your magical power is your life essence.
You have superior vitality. (+4 HP)


Message History

You hit the frilled lizard but do no damage.
The frilled lizard is heavily wounded.
The frilled lizard misses you.
You hit the frilled lizard.
You feel a bit better.
You kill the frilled lizard!
You hit the bullfrog but do no damage. You headbutt the bullfrog.
The bullfrog is lightly wounded.
You closely miss the bullfrog. Your headbutt misses the bullfrog.
Your transformation is almost over.
The bullfrog hits you.
* * * LOW HITPOINT WARNING * * *
The bullfrog completely misses you.
The bullfrog hits you but does no damage.
The bullfrog releases a deep croak.
The bullfrog hits you.
* * * LOW HITPOINT WARNING * * *
You see here a giant cockroach corpse.
The bullfrog barely misses you.
A red film seems to cover your vision as you go berserk!
You feel yourself moving faster!
You feel mighty!
A black bear comes into view. x2
The bullfrog hits you.
* * * LOW HITPOINT WARNING * * *
The bullfrog hits you but does no damage.
You barely miss the bullfrog.
The bullfrog is lightly wounded.
The black bear growls angrily. x2
The bullfrog closely misses you. The bullfrog hits you.
* * * LOW HITPOINT WARNING * * *
You hit the bullfrog. You headbutt the bullfrog!
The bullfrog is almost dead.
The bullfrog hits you.
* * * LOW HITPOINT WARNING * * *
The bullfrog hits you.
* * * LOW HITPOINT WARNING * * *
You closely miss the bullfrog.
The bullfrog is almost dead.
The bullfrog hits you.
You die...
Your body glows slightly and disappears. #...####:..# #.#......#.# #>..#...##.# #####..###.# #...##.#.####.## ##..###)......... ##†.## #.#..###.# ##..## .Fo#FF#

##..##...###@##
#..###.####..##
#.##..###.....#
#.# ###...###.#
#.###...#.# h#
#......##.# .#
#####.....# ..
#####.# .. #.#
.#.


You could see a black bear and 2 bullfrogs.

Vanquished Creatures
  A sky beast (D:3)
  A hound skeleton (D:4)
  8 adders
  4 dart slugs
  2 bats
  4 endoplasms
  6 giant cockroaches
  15 goblins
  10 hobgoblins
  10 jackals
  3 quokkas
  10 ball pythons
  A frilled lizard (D:4)
  5 kobolds
  5 rats
85 creatures vanquished.

Notes
Turn   | Place    | Note
-------+----------+-------------------------------------------
     0 | D:1      | flyleaff the Djinni Transmuter began the quest for the Orb.
     0 | D:1      | Reached XP level 1. HP: 17/17 MP: 0/0
   309 | D:1      | Found a faded altar of an unknown god.
   329 | D:1      | Reached XP level 2. HP: 12/22 MP: 0/0
   335 | D:1      | Prayed at the altar of an unknown god.
   335 | D:1      | Became a worshipper of Nemelex Xobeh the Trickster
   335 | D:1      | Reached * piety under Nemelex Xobeh
   335 | D:1      | Received a gift from Nemelex Xobeh
  1708 | D:2      | Reached skill level 1 in Invocations
  1708 | D:2      | Reached XP level 3. HP: 15/28 MP: 0/0
  1708 | D:2      | Learned a level 1 spell: Magic Dart
  1982 | D:2      | Reached ** piety under Nemelex Xobeh
  2086 | D:2      | Reached XP level 4. HP: 20/33 MP: 0/0
  2651 | D:2      | Received a gift from Nemelex Xobeh
  3945 | D:3      | Reached XP level 5. HP: 34/39 MP: 0/0
  3945 | D:3      | Learned a level 2 spell: Blink
  4316 | D:3      | Found a bloodstained altar of Trog.
  4316 | D:3      | Found a stormy altar of Qazlal.
  4325 | D:3      | Found a sparkling altar of Nemelex Xobeh.
  4327 | D:3      | Found a blossoming altar of Fedhas.
  4329 | D:3      | Found a hazy altar of Hepliaklqana.
  4820 | D:3      | Noticed a centaur
  4820 | D:3      | a worm changed into a centaur
  4821 | D:3      | Noticed a sky beast
  4821 | D:3      | a centaur changed into a sky beast
  4822 | D:3      | Killed a sky beast
  4823 | D:3      | Reached XP level 6. HP: 19/45 MP: 0/0
  5554 | D:4      | Reached *** piety under Nemelex Xobeh
  5879 | D:4      | Found an ornate altar of the Wu Jian Council.
  6067 | D:4      | Noticed an orc warrior
  6074 | D:4      | an orc warrior changed into a bullfrog
  6082 | D:4      | Noticed a black bear
  6082 | D:4      | Noticed a black bear
  6084 | D:4      | HP: 3/67 [bullfrog (2)]
  6085 | D:4      | Slain by a bullfrog

Illustrated notes

Levels and vault maps discovered:
D:1:      heliophobic_arrival_battle_scene, layout_loops_corners,
          hellmonk_ecumenical_altar_dog_temple, minmay_misc_feat_encased
D:2:      cheibrodos_greedy_goblins, layout_basic, minmay_three_crescents
D:3:      layout_loops_cross, chequers_temple_overflow_minitemple
D:4:      layout_loops_corners, nzn_wu_jian_council_hall,
          minmay_manual_mandibuliform

Skill      XL: |  1  2  3  4  5 |
---------------+----------------+-----
Fighting       | 2 |  2.7
Invocations    | 1 2 |  2.0
Spellcasting   | 2 3 |  3.8
Armour         | |  0.1
Dodging        | |  2.4
Unarmed Combat | |  3.1

Action                   |  1- 3 |  4- 6 || total
-------------------------+-------+-------++-------
Melee: Unarmed           |    95 |   272 ||   367
       Headbutt          |     9 |    27 ||    36
       Punch             |       |     5 ||     5
 Cast: Beastly Appendage |    15 |    28 ||    43
       Wereblood         |       |     2 ||     2
Invok: Draw Destruction  |     5 |    10 ||    15
  Use: Scroll            |       |     2 ||     2
       Potion            |       |     1 ||     1
 Stab: Sleeping          |     1 |     2 ||     3
Armor: Robe              |    14 |    44 ||    58
Dodge: Dodged            |    70 |   194 ||   264

Table legend: (Time is in decaauts)
 A = Elapsed time spent in this place.
 B = Non-inter-level travel time spent in this place.
 C = Inter-level travel time spent in this place.
 D = Time resting spent in this place.
 E = Time spent auto-exploring this place.
 F = Levels seen in this place.
 G = Mean time per level.
                   A        B        C        D        E       F      G
               +--------+--------+--------+--------+--------+-----+--------+
         Total |   6061 |   5947 |    114 |      0 |   5228 |   4 | 1515.2 |
       Dungeon |   6061 |   5947 |    114 |      0 |   5228 |   4 | 1515.2 |
               +--------+--------+--------+--------+--------+-----+--------+

Top non-repeatable levels by time:
     D:2: 2029 daAuts
     D:1: 1694 daAuts
     D:3: 1559 daAuts
     D:4: 778 daAuts
